[Event "Early-Titled-Tuesday-Blitz-November-28-2023"]
[Site "Chess.com"]
[Date "2023.11.28"]
[Round "1"]
[White "chesstrainer2042"]
[Black "Witik"]
[Result "0-1"]
[WhiteElo "2429"]
[BlackElo "2796"]
[TimeControl "180+1"]
[EndTime "8:07:57 PST"]
[Termination "Witik won on time"]

1. d4 Nf6 2. Nf3 g6 3. Bg5 Bg7 4. Nbd2 d5 5. e3 O-O 6. Bd3 Nbd7 7. O-O c5 8. c3 Re8 9. h3 e5 10. dxe5 Nxe5 11. Nxe5 Rxe5 12. Bh4 Re8 13. Qc2 Bd7 14. Rad1 Bc6 15. Rfe1 Qb6 16. b3 Qa5 17. c4 d4 18.
exd4 cxd4 19. Bxf6 Bxf6 20. Be4 Qc3 21. Qb1 d3 22. Bxc6 Rxe1+ 23. Rxe1 Qxd2 24. Bd5 Bd4 25. Rf1 Re8 26. Qd1 Bxf2+ 27. Kh1 Qxd1 28. Rxd1 Bg3 29. Rf1 Re7 30. Kg1 d2 31. Bf3 Re1 32. c5 Be5 33. g4 Bd4+ 34. Kg2 Bxc5 35. Bd1 Kg7 36. a4 a5 37. h4 h6 38. h5 gxh5 39. gxh5 f5 40.
Bf3 b6 41. Bd1 Kf6 42. Bc2 Re2+ 43. Kf3 Rh2 0-1

[Event "Early-Titled-Tuesday-Blitz-November-28-2023"]
[Site "Chess.com"]
[Date "2023.11.28"]
[Round "1"]
[White "gpsji27"]
[Black "jens1102"]
[Result "0-1"]
[WhiteElo "2323"]
[BlackElo "2623"]
[TimeControl "180+1"]
[EndTime "8:07:57 PST"]
[Termination "jens1102 won by checkmate"]

1. d4 Nf6 2. Nf3 d5 3. e3 c5 4. c4 e6 5. Nc3 Nc6 6. a3 a6 7. dxc5 Bxc5 8. b4 Ba7 9. Bb2 O-O 10. Bd3 dxc4 11. Bxc4 b5 12. Bd3 Bb7 13. O-O Qe7 14. Qe2 Rfd8 15. Rfd1 Rac8 16. Rac1 e5 17. Bf5 Rxd1+ 18.
Rxd1 Rd8 19. h3 e4 20. Rxd8+ Nxd8 21. Nd4 Qe5 22. Qd2 Bxd4 23. Qxd4 Qxd4 24. exd4 g6 25. Bg4 h5 26. Be2 Ne6 27. Nd1 Nf4 28. Kf1 N6d5 29. Ne3 Nxe3+ 30. fxe3 Nd5 31. Kf2 f5 32. Bd1 Kf8 33.
g4 hxg4 34. hxg4 Ke7 35. Bb3 Nf6 36. gxf5 gxf5 37. a4 Bd5 38. Bc2 Bc4 39. Bd1 bxa4 40. Kg3 Nd5 41. Bxa4 Nxb4 42. Ba3 a5 43. Kf4 Kf6 44.
Kg3 Kg5 45. Bd1 Nd5 46. Kf2 f4 47. Bc1 f3 48. Bxf3 exf3 49. e4+ Kg4 50. exd5 Bxd5 51. Bd2 a4 52. Bb4 Kf4 53. Bc5 Ke4 54. Ba3 Kxd4 55. Bb2+ Kd3 56. Bg7 Kc2 57. Bf6 a3 58. Bd4 a2 59. Ba1 Kb1 60. Be5 a1=Q 61. Bxa1 Kxa1 62.
Kf1 Kb2 63. Kf2 Kc3 64. Kf1 Kd4 65. Kf2 Ke4 66. Kf1 Ke3 67. Ke1 f2+ 68. Kf1 Bc4+ 69.
Kg2 f1=Q+ 70. Kg3 Qf3+ 71. Kh4 Qg2 72. Kh5 Bf7+ 73. Kh4 Bh5 74. Kxh5 Kf4 75. Kh6 Kf5 76. Kh7 Kf6 77. Kh8 Qg7# 0-1

[Event "Early-Titled-Tuesday-Blitz-November-28-2023"]
[Site "Chess.com"]
[Date "2023.11.28"]
[Round "1"]
[White "TimGrutter03"]
[Black "LUISMIGUELOV"]
[Result "1-0"]
[WhiteElo "2567"]
[BlackElo "2202"]
[TimeControl "180+1"]
[EndTime "8:07:57 PST"]
[Termination "TimGrutter03 won by resignation"]

1. e4 c6 2. Nc3 d5 3. Qf3 dxe4 4. Nxe4 Nd7 5. Qe2 e6 6. d4 Ngf6 7. Nxf6+ Nxf6 8. Nf3 Be7 9. g3 O-O 10. Bg2 b6 11. Ne5 Bb7 12. Nxc6 Bxc6 13. Bxc6 Rc8 14.
Bg2 Qxd4 15. O-O Rfd8 16. Be3 Qxb2 17. Qa6 Qa3 18. Qb7 Bc5 19. Bxc5 Rxc5 20. Rfd1 Rxd1+ 21. Rxd1 g6 22. Qe7 Kg7 23. h3 Qxa2 24. Rd8 Nd5 25.
Qf8+ Kf6 26. Rd7 Ke5 27. Qxf7 Kd4 28. Qxe6 a5 29. Qe4+ Kc3 30. Qd3+ Kb2 31. Rxd5 Rxd5 32. Bxd5 Qb1+ 33. Kg2 Qxc2 34. Qd4+ Kc1 35. Qxb6 a4 36. Qe3+ Kb2 37. Qd4+ Kc1 38. Qa1+ Kd2 39. Bf3 h5 40. Qd4+ Kc1 41. Qf4+ Kb2 42. Qb8+ Qb3 43. Qxb3+ axb3 44. Bd5 Kc3 45. Bxb3 Kxb3 46. Kf3 Kc4 47. Kf4 Kd3 48. Kg5 Ke2 49. Kxg6 Kxf2 50. g4 hxg4 51. hxg4 Kf3 52. g5 Kf4 53. Kf6 Kg4 54. g6 Kh5 55. g7 Kh6 56. g8=Q 1-0

[Event "Early-Titled-Tuesday-Blitz-November-28-2023"]
[Site "Chess.com"]
[Date "2023.11.28"]
[Round "1"]
[White "MaxLeto"]
[Black "Pasmendjambvirgulptipon98"]
[Result "1-0"]
[WhiteElo "2554"]
[BlackElo "2173"]
[TimeControl "180+1"]
[EndTime "8:07:57 PST"]
[Termination "MaxLeto won by resignation"]

1. g4 d5 2. Bg2 c6 3. h3 Nd7 4. d4 e6 5. Nf3 c5 6. c3 Ngf6 7. Bf4 Qb6 8. Qb3 c4 9. Qc2 Bd6 10. Bxd6 Qxd6 11. Nbd2 O-O 12. O-O-O b5 13. e4 Qf4 14. e5 Ne4 15. Rhf1 a5 16. Kb1 Nxd2+ 17. Qxd2 Qxd2 18. Nxd2 Rb8 19. f4 b4 20. Kc2 Nb6 21.
Rb1 Bd7 22. Nf3 Ba4+ 23. Kd2 Bb5 24. Ng1 a4 25. Ne2 bxc3+ 26. bxc3 Bc6 27. Rb4 Nd7 28. Rfb1 Rxb4 29. Rxb4 Rb8 30. Rxb8+ Nxb8 31. Kc1 Kf8 32. Kb2 Ke7 33. Ka3 Na6 34. Bf3 f6 35. Ng3 g6 36.
Bd1 fxe5 37. fxe5 Nc7 38. Bxa4 Bd7 39. Bxd7 Kxd7 40. Kb4 Kc6 41. a4 Na6+ 42. Ka5 Nb8 43. Ne2 Kb7 44. Kb5 Nc6 45. a5 Na7+ 46. Kc5 Nc8 47. Nf4 Ka6 48. Nxe6 Kxa5 49. Kxd5 Nb6+ 50. Kc5 Nd7+ 51. Kxc4 1-0

[Event "Early-Titled-Tuesday-Blitz-November-28-2023"]
[Site "Chess.com"]
[Date "2023.11.28"]
[Round "1"]
[White "Quattroporte300"]
[Black "Roman_Ovetchkin"]
[Result "1-0"]
[WhiteElo "2384"]
[BlackElo "2654"]
[TimeControl "180+1"]
[EndTime "8:07:58 PST"]
[Termination "Quattroporte300 won on time"]

1. e4 c6 2. d4 d5 3. exd5 cxd5 4.
Bd3 Nc6 5. c3 Qc7 6. Ne2 Bg4 7.
O-O e6 8. Qe1 Bxe2 9. Qxe2 Bd6 10. g3 Nf6 11. Nd2 O-O 12. Nf3 Nd7 13. Re1 Rfe8 14.
Kg2 Rab8 15. h4 a6 16. h5 h6 17. Bc2 e5 18. dxe5 Ncxe5 19. Nxe5 Rxe5 20. Qd1 Qc6 21. Rxe5 Bxe5 22. Qf3 Re8 23. Bd2 Nf6 24. Re1 b5 25.
Bb3 a5 26. Kh2 a4 27. Bc2 Qc4 28. Qf5 Kf8 29. Kg2 Qc7 30. Bd3 b4 31. cxb4 Bxb2 32. Bf4 Qc6 33. Rxe8+ Nxe8 34. Qh7 Nf6 35. Qh8+ Ke7 36.
Qb8 d4+ 37. f3 a3 38. Qe5+ Kf8 39. Qb8+ Ne8 40. Bb5 Qc2+ 41. Kh3 Qf5+ 42. g4 Qe6 43. Qxe8+ Qxe8 44. Bxe8 Kxe8 45. Kg2 Kd7 46. Kf2 Kc6 47.
Ke2 Kb5 48. Kd3 Kxb4 49. Bd6+ Kb5 50. Bf8 Bc1 51. Bxg7 1-0

[Event "Early-Titled-Tuesday-Blitz-November-28-2023"]
[Site "Chess.com"]
[Date "2023.11.28"]
[Round "1"]
[White "Jamal-Jamal-Jamal"]
[Black "tacticthunder"]
[Result "0-1"]
[WhiteElo "2481"]
[BlackElo "2866"]
[TimeControl "180+1"]
[EndTime "8:08:00 PST"]
[Termination "tacticthunder won by checkmate"]

1. d4 Nf6 2. c4 e6 3. Nf3 Bb4+ 4. Bd2 Bxd2+ 5. Nbxd2 d6 6. g3 O-O 7. Bg2 Nbd7 8. O-O e5 9. e4 a5 10. h3 c6 11. Qc2 Re8 12. Rad1 Qc7 13. Rfe1 h6 14.
Nf1 exd4 15. Nxd4 Nc5 16. Nf5 Bxf5 17. exf5 Rxe1 18. Rxe1 Re8 19. Rxe8+ Nxe8 20. g4 Nf6 21. Ng3 Qe7 22. Qd2 a4 23. Kh2 Nfd7 24. f4 Nb6 25. Qd4 Qf6 26. Qxf6 gxf6 27. Bf1 Kf8 28. Kg2 d5 29. cxd5 Nxd5 30. Kf3 Nb4 31. a3 Nbd3 32.
Bxd3 Nxd3 33. Ne4 Ke7 34. Ke3 Nxb2 35. Kd4 b5 36. Kc5 Nd3+ 37. Kxc6 b4 38. axb4 a3 39.
Nc3 Nxb4+ 40. Kc5 a2 41. Nxa2 Nxa2 42. Kd4 Nb4 43. h4 Nc6+ 44. Kd5 Nb4+ 45. Kd4 Kf8 46.
g5 h5 47. Ke3 Ke7 48. Ke4 Na6 49. Kd5 Nc7+ 50. Ke4 Ne8 51. Kd5 Ng7 52. Ke4 Kd6 53. gxf6 Ne8 54. Kd4 Nxf6 55. Ke3 Kd5 56. Kf3 Kd4 57.
Kg3 Ke4 58. Kh2 Kxf5 59. Kh3 Nd5 60. Kg3 Nxf4 61. Kh2 Ng6 62. Kh3 Ke4 63. Kg3 f5 64. Kf2 f4 65. Kg2 f3+ 66. Kf2 Ne5 67. Kg1 Ng4 68.
Kh1 Ke3 69. Kg1 Ke2 70. Kh1 f2 71. Kg2 f1=Q+ 72. Kg3 Qf3# 0-1

[Event "Early-Titled-Tuesday-Blitz-November-28-2023"]
[Site "Chess.com"]
[Date "2023.11.28"]
[Round "1"]
[White "sofaceindisguise"]
[Black "brunoo2003"]
[Result "1-0"]
[WhiteElo "2802"]
[BlackElo "2451"]
[TimeControl "180+1"]
[EndTime "8:08:00 PST"]
[Termination "sofaceindisguise won by resignation"]

1. d4 Nf6 2. c4 e6 3. Nc3 Bb4 4. Qc2 O-O 5. a3 Bxc3+ 6. Qxc3 d5 7. Bg5 c5 8. dxc5 d4 9. Qd2 Nc6 10. b4 e5 11. g3 Be6 12. Bg2 Bxc4 13. Nf3 e4 14.
Nh4 Re8 15. O-O h6 16. Bxf6 Qxf6 17. Rac1 Bd5 18. b5 Ne5 19. Qxd4 Rad8 20. Qc3 g5 21. f4 gxh4 22. fxe5 Qxe5 23. Qe3 hxg3 24. hxg3 Qg5 25. Rf4 Kh8 26. Kf2 Rg8 27. Rh1 Rg6 28. Rhh4 Rf6 29. Rxf6 Qxf6+ 30. Kg1 Kg7 31. Rg4+ Kf8 32. Rf4 Qg5 33.
a4 Be6 34. Bxe4 Rd1+ 35. Kf2 Ke8 36. c6 bxc6 37. bxc6 Qe5 38. Qxa7 Qa1 39. Qb8+ Ke7 40. Qc7+ Kf8 41. Qb8+ Kg7 42. Bg2 Rg1 43. Qb4 Rxg2+ 44.
Kxg2 Bd5+ 45. Kf2 Qh1 46. Qd4+ Kf8 47. Qe3 Qg2+ 48. Ke1 Qh1+ 49. Rf1 Qh5 50. Qc5+ Kg7 51. c7 Qg5 52. c8=Q Qc1+ 53. Qxc1 1-0

[Event "Early-Titled-Tuesday-Blitz-November-28-2023"]
[Site "Chess.com"]
[Date "2023.11.28"]
[Round "1"]
[White "Meri-Arabidze"]
[Black "esrosenberg"]
[Result "0-1"]
[WhiteElo "2679"]
[BlackElo "2409"]
[TimeControl "180+1"]
[EndTime "8:08:01 PST"]
[Termination "esrosenberg won on time"]

1. Nf3 d5 2. b3 c5 3. e3 a6 4. Bb2 Nc6 5. d4 Nf6 6. Bd3 Bg4 7. h3 Bxf3 8. Qxf3 e6 9. a3 Be7 10. O-O O-O 11. Nd2 Rc8 12. dxc5 Bxc5 13. Rad1 Qe7 14.
b4 Ba7 15. e4 Bd4 16. c3 Ne5 17. Qe2 Bxc3 18. Bc1 Bxd2 19. Rxd2 Nxd3 20. Rxd3 Nxe4 21. Bb2 Qg5 22. Re1 Rfe8 23. f3 Ng3 24. Qf2 Nf5 25. f4 Qg6 26. Kh2 Rc4 27. Rxd5 Ne7 28. Rg5 Rc2 29.
Qf3 Rxb2 30. Rxg6 Nxg6 31. Kg3 b5 32. f5 Nf8 33. f6 gxf6 34. Qxf6 Rb3+ 35. Kh2 Ng6 36.
h4 h5 37. Rc1 Rxa3 38. Rc7 Rf8 39. Rc5 Ra4 40. Rxh5 Rxb4 41. Rh6 Rf4 42. Qg5 Rf5 43. Qd2 Kg7 44. g4 Rd5 45. Qb2+ Kxh6 46. Qf6 Rc8 47. Qxf7 Rc2+ 48. Kg3 Rd3+ 49. Qf3 Rxf3+ 50. Kxf3 Nxh4+ 51. Ke4 Kg5 52. Ke5 Kxg4 0-1

[Event "Early-Titled-Tuesday-Blitz-November-28-2023"]
[Site "Chess.com"]
[Date "2023.11.28"]
[Round "1"]
[White "colegiodemadrid"]
[Black "Chessmissile07"]
[Result "0-1"]
[WhiteElo "2489"]
[BlackElo "2865"]
[TimeControl "180+1"]
[EndTime "8:08:03 PST"]
[Termination "Chessmissile07 won on time"]

1. d4 a6 2. e4 e6 3. Nc3 d5 4. e5 c5 5. Nf3 Nc6 6. Ne2 cxd4 7.
Nexd4 Bc5 8. c3 Nge7 9. Bd3 Qc7 10. Qe2 Ng6 11. Nxc6 bxc6 12. O-O a5 13. h4 Ne7 14. h5 h6 15. Bf4 Qb6 16. Bg3 Ba6 17. Bxa6 Qxa6 18.
Qd2 Qb6 19. Bf4 O-O 20. Rab1 Rfb8 21. g4 Kf8 22. Kg2 Ke8 23. Bg3 a4 24. Bf4 Ra5 25. b4 axb3 26. axb3 Ba3 27. b4 Raa8 28. Be3 Qb5 29. Bc5 Qc4 30. Nd4 Ra6 31. g5 Nf5 32. Nxf5 exf5 33. Bd4 c5 34. bxc5 Rxb1 35. Rxb1 Bxc5 36.
Rb8+ Kd7 37. Rb7+ Ke8 38. Rb8+ Kd7 39. Qf4 Kc7 40. Rg8 Ra1 41. e6+ Bd6 42. Bb6+ Kxb6 43. Qxd6+ Ka7 44. Qb8+ Ka6 45. Qa8+ Kb6 46. Rb8+ Kc7 47.
Qb7+ Kd6 48. Qb6+ Ke5 49. Qe3+ Kd6 50. Rd8+ Kc7 0-1

[Event "Early-Titled-Tuesday-Blitz-November-28-2023"]
[Site "Chess.com"]
[Date "2023.11.28"]
[Round "1"]
[White "Sokoloco"]
[Black "Haykoooo0o"]
[Result "1-0"]
[WhiteElo "2762"]
[BlackElo "2426"]
[TimeControl "180+1"]
[EndTime "8:08:03 PST"]
[Termination "Sokoloco won on time"]

1. b3 e5 2. Bb2 Nc6 3. e3 g6 4. d4 exd4 5. exd4 Bg7 6. Nf3 Nge7 7. Be2 O-O 8. O-O d5 9. Nbd2 Nf5 10. c3 Re8 11. Re1 Nd6 12. Nf1 b5 13. Ne3 Be6 14. Ba3 a6 15. Rc1 Nf5 16. Ng4 h5 17. Nge5 Nxe5 18.
Nxe5 Qg5 19. Nf3 Qf6 20. Bd3 Rad8 21. Rc2 Bc8 22. Rce2 Rxe2 23. Rxe2 Be6 24. Qe1 Bh6 25. Bc5 Bf4 26. h3 Kg7 27. Ba3 c6 28. Bc1 Bxc1 29.
Qxc1 Nd6 30. Ne5 Rc8 31. Qe3 Bf5 32. Bxf5 Qxf5 33. Qd3 Re8 34. Qxf5 Nxf5 35. Kf1 Re6 36. Nd7 b4 37. Rxe6 fxe6 38. cxb4 Nxd4 39. Nc5 Kf6 40. Nxa6 e5 41. Nc5 e4 42. a4 Ke5 43. a5 Nb5 44. Ke2 d4 45. f3 exf3+ 46. Kxf3 g5 47. g4 h4 48. a6 Kd5 49. Nd3 Na7 50. Nc5 Nb5 51. Ne4 d3 52. Ke3 Ke5 53. Nxg5 d2 54. Nf3+ Kd5 55. Nxd2 1-0

[Event "Early-Titled-Tuesday-Blitz-November-28-2023"]
[Site "Chess.com"]
[Date "2023.11.28"]
[Round "1"]
[White "ljuks68"]
[Black "fighter2jz"]
[Result "0-1"]
[WhiteElo "2430"]
[BlackElo "2777"]
[TimeControl "180+1"]
[EndTime "8:08:05 PST"]
[Termination "fighter2jz won on time"]

1. e4 c5 2. Nf3 d6 3. d4 cxd4 4. Nxd4 Nc6 5. Nc3 e6 6. Bc4 Nge7 7. Be3 Nxd4 8. Bxd4 Nc6 9. Be3 Be7 10. Qd2 a6 11.
O-O-O b5 12. Bb3 Na5 13. Bf4 Nxb3+ 14. cxb3 b4 15. Na4 e5 16. Be3 a5 17. Nb6 Rb8 18.
Nd5 Bb7 19. Kb1 Bxd5 20. Qxd5 O-O 21. g3 Kh8 22. Rc1 Qd7 23. Rhd1 Qg4 24. Rc7 Rbe8 25. Rdc1 f5 26. exf5 Qxf5+ 27. Ka1 Bg5 28. Qxa5 Bxe3 29. fxe3 Qe4 30. R7c4 Qxe3 31. Qxb4 d5 32. R4c3 Qd2 33. Qg4 e4 34. Rc7 Rg8 35. Rd1 Qf2 36. Qf4 Qxh2 37. Rxd5 e3 38. Rc1 Rgf8 39. Qb4 e2 40. Re1 Rf1 41. Rc5 Qxg3 42. Rcc1 Qf3 43. a4 h6 44. a5 Rd8 45. Qc3 Qxc3 46. bxc3 Rxe1 47. Rxe1 Rd1+ 48. Kb2 Rxe1 49. a6 Rf1 50. a7 Rf8 51.
a8=Q Rxa8 0-1

[Event "Early-Titled-Tuesday-Blitz-November-28-2023"]
[Site "Chess.com"]
[Date "2023.11.28"]
[Round "1"]
[White "maximnovik"]
[Black "xamax2000"]
[Result "0-1"]
[WhiteElo "2500"]
[BlackElo "2918"]
[TimeControl "180+1"]
[EndTime "8:08:06 PST"]
[Termination "xamax2000 won on time"]

1. e4 c6 2. d4 d5 3. exd5 cxd5 4. c4 Nf6 5. Nc3 Nc6 6. Bg5 Be6 7. g3 Qb6 8. Bxf6 exf6 9. cxd5 Qxb2 10. Rc1 Bb4 11.
Bg2 Bxc3+ 12. Kf1 Bxd4 13. Ne2 Rd8 14. dxe6 fxe6 15. Rb1 Qxa2 16. Rxb7 Qa6 17. Rxg7 f5 18. Rc7 Ne5 19. Bb7 Qb6 20. Qc2 Bxf2 21. Kg2 Be3 22.
Qc3 Bd4 23. Nxd4 Qxd4 24. Qxd4 Rxd4 25. Re1 Rd2+ 26. Kf1 Ng4 27. Rc8+ Rd8 28. Rxe6+ Kd7 29. Rcc6 Rhe8 30. Rxe8 Rxe8 31. Ra6 Kc7 32. Bd5 Re5 33. Rxa7+ Kb6 34. Rb7+ Ka6 35. Rd7 Rxd5 36. Rxd5 Ne3+ 37. Ke2 Nxd5 38. Kd3 f4 39. Kd4 f3 40. Kd3 Kb5 41.
g4 Kc5 42. h4 Kd6 43. g5 Ke5 44. h5 Kf5 45. g6 hxg6 46. hxg6 Kxg6 47. Kd2 Kf5 48. Ke1 Kf4 49. Kf2 Ne3 50. Kg1 Ng4 51. Kf1 Kg3 52. Kg1 f2+ 53. Kf1 Nh2+ 54. Ke2 f1=Q+ 0-1

[Event "Early-Titled-Tuesday-Blitz-November-28-2023"]
[Site "Chess.com"]
[Date "2023.11.28"]
[Round "1"]
[White "Nadeev_Sergey"]
[Black "IwkooO"]
[Result "0-1"]
[WhiteElo "2336"]
[BlackElo "2644"]
[TimeControl "180+1"]
[EndTime "8:08:06 PST"]
[Termination "IwkooO won by resignation"]

1. e4 c5 2. Nf3 Nf6 3. e5 Nd5 4. Nc3 e6 5. d4 d6 6. Nxd5 exd5 7. Bb5+ Nc6 8. O-O Be7 9. exd6 Qxd6 10. dxc5 Qxc5 11.
Bd3 O-O 12. Be3 Qb4 13. Qd2 Qxb2 14. Rab1 Qxa2 15. Bg5 Bxg5 16. Nxg5 h6 17. Nh7 Rd8 18. Qf4 d4 19. Nf6+ Kf8 20. Nh5 Qe6 21. Rb5 Qg4 22. Qd2 a6 23. Rc5 Be6 24. h3 Qh4 25. Re1 Qe7 26.
Rce5 Nxe5 27. Rxe5 Qc7 28. Qe2 Rd5 29. Rxd5 Bxd5 30.
Qg4 g6 31. Qxd4 Qd8 32. Qg7+ Ke7 33. Nf4 Qd6 34. Nxg6+ Kd7 35. Ne5+ Kc7 36. Nxf7 Bxf7 37. Qxf7+ Kb6 38. Be4 Rb8 39. Qh7 a5 40. Qf5 Qc5 41.
Qe6+ Ka7 42. Bd3 a4 43. Qa2 a3 44. Kf1 Rf8 45. f3 Re8 46. Qb3 Rd8 47. Qa4+ Kb8 48. Qb3 Rd6 49. Be4 Rb6 50. Qg8+ Ka7 51. Bd3 Qe3 52.
Qa2 Qc1+ 53. Ke2 Qb2 54. Qc4 Qb4 55. Qa2 Rc6 56. Kf2 Qd4+ 57. Kg3 Qb2 58. Qd5 a2 59. Qa5+ Ra6 60. Qc5+ Qb6 0-1

[Event "Early-Titled-Tuesday-Blitz-November-28-2023"]
[Site "Chess.com"]
[Date "2023.11.28"]
[Round "1"]
[White "IljaZaragatski"]
[Black "AsaHoffmann"]
[Result "0-1"]
[WhiteElo "2624"]
[BlackElo "2360"]
[TimeControl "180+1"]
[EndTime "8:08:07 PST"]
[Termination "AsaHoffmann won on time"]

1. e4 d6 2. d4 Nf6 3. Nc3 c6 4. f4 Qa5 5. Bd3 e5 6. Nf3 exd4 7. Nxd4 Qb6 8. Nf3 Be7 9. Qe2 O-O 10. a4 a5 11. Bd2 Na6 12. b3 Nb4 13. Be3 Qc7 14. O-O b6 15. Kh1 Nxd3 16. cxd3 Ba6 17.
Rac1 Rfe8 18. Qf2 Rab8 19. Rfd1 Ng4 20. Qg1 Nxe3 21. Qxe3 Qd7 22. d4 Bf8 23. Qf2 g6 24. e5 d5 25. Rd2 Bh6 26. g3 Rbc8 27. Nd1 Bf8 28. Ne3 Bb4 29. Rdd1 h6 30. Kg2 Kg7 31.
h4 h5 32. Ng5 Be7 33. f5 Bxg5 34. hxg5 c5 35. dxc5 Rxe5 36. fxg6 Qe7 37. Nxd5 Rxd5 38. Rxd5 Bb7 39. Qd4+ Kxg6 40. Rf1 Bxd5+ 41. Qxd5 Rxc5 42. Qd3+ Kg7 43. Qd4+ Qe5 44. Qxe5+ Rxe5 45. Rf6 b5 46. axb5 Rxb5 47. Ra6 Rxb3 48. Rxa5 Rb4 49. Kh3 Rg4 50.
Rc5 Kg6 51. Rc8 Rxg5 52. Rg8+ Kf6 53. Ra8 Re5 54. Ra6+ Re6 55. Ra5 Kg6 56. Kh4 Re4+ 57. Kh3 f5 58. Ra8 Re3 59. Rg8+ Kf7 60. Rg5 Kf6 61.
Rxh5 f4 62. Kg4 fxg3 0-1

[Event "Early-Titled-Tuesday-Blitz-November-28-2023"]
[Site "Chess.com"]
[Date "2023.11.28"]
[Round "1"]
[White "Pastore1978"]
[Black "LoveUMore"]
[Result "1-0"]
[WhiteElo "2332"]
[BlackElo "2547"]
[TimeControl "180+1"]
[EndTime "8:08:07 PST"]
[Termination "Pastore1978 won by checkmate"]

1. e4 Nc6 2. Nf3 d6 3. Nc3 Nf6 4. d4 Bg4 5. Be3 e5 6. d5 Ne7 7. h3 Bd7 8. Qd2 Ng6 9. O-O-O Be7 10. h4 h5 11. Bg5 O-O 12. Be2 Ng4 13. Rdf1 f6 14.
Be3 Nxe3 15. fxe3 f5 16. Ng5 Bxg5 17. hxg5 Qxg5 18. Rxh5 Qxg2 19. exf5 Ne7 20. e4 Kf7 21.
Rg5 Qh3 22. Bh5+ g6 23. Bxg6+ Nxg6 24. fxg6+ Kg7 25. Rf7+ Kg8 26. Qf2 Qh6 27. Qf6 Be8 28.
b3 Qxg5+ 29. Qxg5 Bxf7 30. gxf7+ Kxf7 31. Ne2 Rae8 32. Qf5+ Ke7 33. Qg5+ Kd7 34. Ng3 Kc8 35. Nf5 Kb8 36. Kb2 a5 37. a4 Rg8 38. Qf6 Ref8 39. Qe7 Re8 40. Qf7 Ref8 41. Qd7 Rd8 42. Qb5 Rg2 43. Ne7 Rh8 44. Nc6+ Kc8 45. Nxa5 b6 46. Qa6+ Kd7 47. Qb5+ Kc8 48. Nc6 Rhh2 49. Qa6+ Kd7 50. Nb4 Rd2 51. Qb5+ Kc8 52. Qc6 Rd4 53. Na6 Kd8 54.
Qxc7+ Ke8 55. Qxb6 Rdd2 56. Qc6+ Ke7 57. Nb4 Rd4 58. Qc7+ Ke8 59. Nc6 Rdd2 60. Qe7# 1-0

[Event "Early-Titled-Tuesday-Blitz-November-28-2023"]
[Site "Chess.com"]
[Date "2023.11.28"]
[Round "1"]
[White "DumbKing75"]
[Black "erugee"]
[Result "1-0"]
[WhiteElo "2642"]
[BlackElo "2333"]
[TimeControl "180+1"]
[EndTime "8:08:08 PST"]
[Termination "DumbKing75 won on time"]

1. e4 e5 2. Nf3 Nc6 3. Bb5 f5 4. Nc3 fxe4 5. Nxe4 Nf6 6. Qe2 d5 7. Nxf6+ gxf6 8. Nd4 Bd7 9. Bxc6 bxc6 10. O-O Bg7 11. Qh5+ Kf8 12. Nf5 Qe8 13. Nxg7 Kxg7 14. Qh4 Qg6 15.
d4 Rae8 16. c3 h5 17. Be3 Qg4 18. Qxg4+ hxg4 19. dxe5 fxe5 20. Bxa7 Bf5 21. Rfe1 Kf6 22. Re3 Rh5 23. f3 Reh8 24. h3 gxf3 25. Rxf3 e4 26.
Rf2 Ke6 27. Raf1 Rg8 28. Bd4 Bxh3 29. Rf6+ Kd7 30. Rf7+ Kc8 31. Rf8+ Rxf8 32. Rxf8+ Kb7 33. gxh3 Rxh3 34. a4 Rd3 35. b4 e3 36. Kf1 Rd2 37. Bxe3 Ra2 38. a5 Ra3 39. Bd4 Ka6 40. Rb8 Ra2 41.
Ke1 Rb2 42. Rc8 Kb7 43. Rf8 Ra2 44. Rf2 Ra1+ 45. Ke2 Ra2+ 46. Ke3 Ra1 47. Kd3 Rd1+ 48.
Rd2 Rc1 49. Ra2 Ka6 50. Rh2 Kb5 51. Rh7 Rd1+ 52. Kc2 1-0

[Event "Early-Titled-Tuesday-Blitz-November-28-2023"]
[Site "Chess.com"]
[Date "2023.11.28"]
[Round "1"]
[White "Fore_Man"]
[Black "HalfIsCrayfish"]
[Result "1-0"]
[WhiteElo "2361"]
[BlackElo "2631"]
[TimeControl "180+1"]
[EndTime "8:08:09 PST"]
[Termination "Fore_Man won by resignation"]

1. d4 d5 2. c4 e6 3. Nf3 c6 4. Nc3 dxc4 5. a4 Bb4 6. e3 b5 7. Be2 Bb7 8. O-O a6 9. Ne5 Nd7 10. f4 Ngf6 11. Bf3 Qc8 12. Bd2 Be7 13. Kh1 O-O 14. Qc2 Nb6 15. axb5 cxb5 16. e4 Rd8 17.
Be3 Qc7 18. Rfd1 Rac8 19. Qf2 b4 20. d5 Na8 21. dxe6 bxc3 22. exf7+ Kf8 23. bxc3 Rxd1+ 24. Rxd1 Rd8 25. Rb1 Nxe4 26. Qc2 Rd3 27. Qa4 Qc8 28. Rxb7 Rxe3 29. h3 Nc5 30. Qe8+ Qxe8 31. fxe8=Q+ Kxe8 32. Rb8+ Bd8 33. Rxa8 Rxc3 34. Nc6 Rd3 35. Be2 Rd2 36. Bxc4 Ne4 37. Bxa6 h5 38. Bb5 h4 39. Nxd8+ Ke7 40. Nc6+ Kf6 41. Ra1 Ng3+ 42. Kg1 Kf5 43. Ne5 Kxf4 44.
Nf3 Rb2 45. Bf1 g5 46. Ra4+ Kf5 47. Ra5+ Kf4 48. Rxg5 Nxf1 49. Kxf1 Rb1+ 50. Kf2 Rb2+ 51. Kf1 Rb1+ 52. Ke2 Rb2+ 53. Kd3 Rf2 54. Rg4+ Kf5 55. Nxh4+ Kf6 56. Nf3 Kf5 57. Ke3 Rf1 58. Nd4+ Kf6 59. Rf4+ Rxf4 60. Kxf4 1-0

[Event "Early-Titled-Tuesday-Blitz-November-28-2023"]
[Site "Chess.com"]
[Date "2023.11.28"]
[Round "1"]
[White "Hovik_Hayrapetyan"]
[Black "FrenchMonster2002"]
[Result "1-0"]
[WhiteElo "2776"]
[BlackElo "2427"]
[TimeControl "180+1"]
[EndTime "8:08:10 PST"]
[Termination "Hovik_Hayrapetyan won by checkmate"]

1. d4 Nf6 2. c4 g6 3. Nc3 Bg7 4. g3 O-O 5. Bg2 d6 6. Nf3 Nc6 7. d5 Na5 8. b3 c5 9. Bb2 a6 10. Nd2 Rb8 11. Qc2 b5 12. O-O e5 13.
Rae1 Bd7 14. e4 Nh5 15. Nd1 f5 16. f4 exf4 17. Bxg7 Nxg7 18. Rxf4 Nh5 19. Rff1 f4 20.
e5 Bf5 21. Qc3 b4 22. Qf3 fxg3 23. hxg3 dxe5 24. g4 Qg5 25. gxf5 Qxd2 26. Rxe5 Qd4+ 27. Qe3 Ng3 28. Qxd4 cxd4 29. Rf4 Nxf5 30. d6 Nb7 31. c5 Nbxd6 32. cxd6 Nxd6 33. Rxd4 Nf5 34. Rd7 Rbd8 35. Rxd8 Rxd8 36. Ne3 Nxe3 37. Rxe3 Rd2 38. Re7 Rxa2 39. Ra7 a5 40. Kh2 Ra3 41. Bd5+ Kh8 42. Kg3 a4 43. Rxa4 Kg7 44. Rxb4 Kf6 45. Kf4 g5+ 46. Ke4 Ra6 47. Rc4 Ke7 48. Rc7+ Kd6 49. Rxh7 Kc5 50. Rc7+ Kb4 51. Kd4 Rf6 52. Rb7+ Ka3 53. Kc3 Ka2 54. Ra7+ Kb1 55. Be4+ Kc1 56. Ra1# 1-0

[Event "Early-Titled-Tuesday-Blitz-November-28-2023"]
[Site "Chess.com"]
[Date "2023.11.28"]
[Round "1"]
[White "GHANDEEVAM2003"]
[Black "jaskol95"]
[Result "1-0"]
[WhiteElo "3138"]
[BlackElo "2525"]
[TimeControl "180+1"]
[EndTime "8:08:11 PST"]
[Termination "GHANDEEVAM2003 won by resignation"]

1. Nf3 d5 2. c4 d4 3. e3 c5 4. b4 dxe3 5. fxe3 cxb4 6. d4 Nf6 7.
Be2 Bg4 8. O-O e6 9. Nbd2 Nc6 10. Bb2 Be7 11. h3 Bf5 12. Nh4 Bg6 13. Nxg6 hxg6 14. Bf3 Qc7 15. Ne4 Nxe4 16. Bxe4 Bf6 17. a3 Qg3 18. Rf3 Qg5 19. axb4 O-O 20. b5 Ne7 21. Bxb7 Rab8 22. Be4 Nf5 23. Bxf5 gxf5 24. Rxa7 Rfd8 25. Ra3 e5 26. d5 Be7 27. Rb3 e4 28. Rf2 Bd6 29. b6 Qg3 30. Kf1 Qh2 31. Qd4 f6 32. c5 Bg3 33. d6 Qh1+ 34. Ke2 Qg1 35. Qd5+ Kh8 36. Qxf5 Qb1 37. Qh5+ Kg8 38. Qd5+ Kh8 39. Qd1 Qxd1+ 40. Kxd1 Bxf2 41. Ba3 Bg3 42. Ke2 Kg8 43. c6 Bxd6 44. Bxd6 Rxd6 45. c7 Rdd8 46. b7 Re8 47. Kd2 Kf7 48. Kc3 Ke6 49. cxb8=Q Rxb8 50. Kd4 f5 51. Kc5 Kd7 52. Kb6 g5 53. Ka7 Rxb7+ 54. Kxb7 f4 55.
exf4 gxf4 56. Rb4 1-0

[Event "Early-Titled-Tuesday-Blitz-November-28-2023"]
[Site "Chess.com"]
[Date "2023.11.28"]
[Round "1"]
[White "Gabrielian_Artur"]
[Black "kuanysh1981"]
[Result "1/2-1/2"]
[WhiteElo "2757"]
[BlackElo "2447"]
[TimeControl "180+1"]
[EndTime "8:08:13 PST"]
[Termination "Game drawn by repetition"]

1. e4 e5 2. Nf3 Nc6 3. Nc3 Nf6 4. Bb5 d6 5. d4 exd4 6. Nxd4 Bd7 7. O-O Be7 8. Nxc6 bxc6 9. Bd3 O-O 10. f4 Rb8 11.
Kh1 Re8 12. Qf3 Bf8 13. b3 c5 14. Bb2 Bc6 15. Rae1 g6 16. Nd5 Bxd5 17. exd5 Bg7 18.
f5 Rxe1 19. Rxe1 Nd7 20. Bc1 Ne5 21. Qg3 Nxd3 22. cxd3 Qf6 23. fxg6 hxg6 24. h3 Qd4 25. Qf3 Kf8 26. Rf1 f6 27. Re1 Re8 28. Rxe8+ Kxe8 29. Bf4 Kf7 30. Kh2 f5 31. Bg3 Be5 32. Kh1 Bxg3 33.
Qxg3 Qxd5 34. Qe3 Qe5 35. Qh6 Qa1+ 36. Kh2 Qg7 37. Qh4 Ke6 38. Qc4+ Kd7 39. Qa6 Qe5+ 40.
Kh1 Qe1+ 41. Kh2 Qe5+ 42. Kh1 f4 43. Qxa7 Qe1+ 44. Kh2 Qg3+ 45. Kh1 f3 46. Qa4+ c6 47.
gxf3 Qxh3+ 48. Kg1 Qg3+ 49. Kf1 Qxf3+ 50. Ke1 Qe3+ 51.
Kd1 Qxd3+ 52. Kc1 Qc3+ 53. Kb1 Qd4 54. Qa7+ Ke6 55. Qa8 Qe4+ 56. Kb2 Qd4+ 57. Kb1 Qd1+ 58. Kb2 Qd2+ 59. Kb1 Qd1+ 60. Kb2 Qd2+ 61. Kb1 Kd5 62. Qg8+ Kd4 63. Qg7+ Kd5 64. Qf7+ Ke5 65. Qxg6 Qd1+ 66. Kb2 Qd2+ 67. Kb1 Qd1+ 68. Kb2 Qd2+ 69. Kb1 1/2-1/2